 Dungeon Crawl Stone Soup version 0.30-a0-639-g3916f1956a (webtiles) character file.

Game seed: 3068808654243394163

224 Mitcholas the Shooter (level 5, -4/31 HPs)
             Began as a Deep Elf Hunter on Jan 16, 2023.
             Slain by a black bear (11 damage)
             ... on level 4 of the Dungeon.
             The game lasted 00:05:50 (2359 turns).

Mitcholas the Shooter (Deep Elf Hunter)             Turns: 2359, Time: 00:05:50

Health: -4/31      AC:  5    Str: 17    XL:     5   Next: 67%
Magic:  7/7        EV: 14    Int: 14    God:
Gold:   171        SH:  0    Dex: 20    Spells: 4/4 levels left

rFire   . . .      SeeInvis .    a - +0 shortbow
rCold   . . .      Faith    .    (shield currently unavailable)
rNeg    . . .      Spirit   .    n - +1 leather armour of Slovenliness {Str+3}
rPois   .          Reflect  .    l - +0 helmet
rElec   .          Harm     .    (no cloak)
rCorr   .          Rampage  .    (no gloves)
Will    .....                    (no boots)
Stlth   +++                      m - amulet of the acrobat
HPRegen 0.25/turn                h - +6 ring of strength
MPRegen 0.10/turn                (no ring)

@: no status effects
A: no striking features
a: no special abilities


You were on level 4 of the Dungeon.
You visited 1 branch of the dungeon, and saw 4 of its levels.

You collected 171 gold pieces.

Inventory:

Hand Weapons
 a - a +0 shortbow (weapon)
Armour
 l - a +0 helmet (worn)
 n - the +1 leather armour of Slovenliness (worn) {Str+3}
   (You found it on level 3 of the Dungeon)

   Str:       It affects your strength (+3).
Jewellery
 h - a +6 ring of strength (left hand)
 m - an amulet of the acrobat (around neck)
Wands
 r - a wand of polymorph (10)
Scrolls
 b - 2 scrolls of immolation
 c - a scroll of teleportation {unknown}
 d - 8 scrolls of identify {unknown}
 e - a scroll of blinking {unknown}
 g - a scroll of brand weapon {unknown}
 k - a scroll of poison {unknown}
 o - 2 scrolls of amnesia {unknown}
 q - a scroll of enchant weapon {unknown}
Potions
 f - 3 potions of curing {unknown}
 i - a potion of might {unknown}
 j - 2 potions of brilliance {unknown}
 p - a potion of lignification {unknown}
 s - a potion of degeneration {unknown}


   Skills:
 + Level 2.6 Fighting
 * Level 7.1 Ranged Weapons
 + Level 3.8 Dodging
 + Level 3.4 Stealth


You had 4 spell levels left.
You didn't know any spells.
Your spell library contained the following spells:

 Spells                   Type           Power      Damage    Failure   Level
 Magic Dart               Conj           0%         1d3       34%         1
 Slow                     Hex            0%         N/A       34%         1
 Call Imp                 Summ           0%         N/A       47%         2
 Confusing Touch          Hex            0%         N/A       71%         3
 Mephitic Cloud           Conj/Pois/Air  0%         N/A       71%         3
 Vampiric Draining        Necr           0%         2d6       71%         3


Dungeon Overview and Level Annotations

Branches:
Dungeon (4/15)
 Temple: D:4-7

Altars:

Annotations:
D:2 1 runed translucent door, Crazy Yiuf


Message History

The black bear bites you but does no damage.
The black bear misses you. The black bear closely misses you.
Fire: a) +0 shortbow
Press: ? - help, Q - select action, (/) - cycle Shift-Dir - straight line, f/p - black bear
Aim: a black bear (heavily wounded, 72% to hit)
You shoot an arrow.
The arrow closely misses the black bear.
The black bear misses you. The black bear claws you.
The black bear barely misses you.
Fire: a) +0 shortbow
Press: ? - help, Q - select action, (/) - cycle Shift-Dir - straight line, f/p - black bear
Aim: a black bear (heavily wounded, 72% to hit)
You shoot an arrow. The arrow hits the black bear!
The black bear is severely wounded.
The black bear misses you. The black bear claws you.
The black bear claws you but does no damage.
Fire: a) +0 shortbow
Press: ? - help, Q - select action, (/) - cycle Shift-Dir - straight line, f/p - black bear
Aim: a black bear (severely wounded, 72% to hit)
You shoot an arrow.
The arrow hits the black bear but does no damage.
The black bear is severely wounded.
The black bear goes berserk!
The black bear barely misses you. The black bear claws you.
The black bear closely misses you.
Fire: a) +0 shortbow
Press: ? - help, Q - select action, (/) - cycle Shift-Dir - straight line, f/p - black bear
Aim: a black bear (severely wounded, berserk, 72% to hit)
You shoot an arrow. The arrow hits the black bear.
The black bear is almost dead.
The black bear closely misses you. The black bear claws you. x2
* * * LOW HITPOINT WARNING * * *
Fire: a) +0 shortbow
Press: ? - help, Q - select action, (/) - cycle Shift-Dir - straight line, f/p - black bear
Aim: a black bear (almost dead, berserk, 72% to hit)
You shoot an arrow.
The arrow hits the black bear but does no damage.
The black bear is almost dead.
The black bear barely misses you. x2; The black bear closely misses you.
The black bear bites you!
You die...

#..#####......##
##...............
#............S.#
#.#######.## #.#
#.# #.# #.# #.#
#.# #.# #h# #.#
#@# #.# #.# #.#
#.# #.#######.#
#.........#
###########


You could see a black bear (berserk).

Vanquished Creatures
  An orc priest (D:4)
  A jelly (D:4)
  Terence (D:2)
  An orc wizard (D:4)
  4 adders
  A worm (D:4)
  5 dart slugs
  2 orcs (D:4)
  3 bats
  8 endoplasms
  4 giant cockroaches
  2 goblins
  6 hobgoblins
  6 jackals (D:1)
  4 kobolds
  3 quokkas (D:1)
  3 ball pythons
  3 frilled lizards
  7 rats
65 creatures vanquished.

Vanquished Creatures (others)
  11 plants (D:2)
11 creatures vanquished.

Grand Total: 76 creatures vanquished

Notes
Turn   | Place    | Note
-------+----------+-------------------------------------------
     0 | D:1      | Mitcholas the Deep Elf Hunter began the quest for the Orb.
     0 | D:1      | Reached XP level 1. HP: 12/12 MP: 3/3
    88 | D:1      | Reached XP level 2. HP: 17/17 MP: 4/4
   260 | D:1      | Found a faded altar of an unknown god.
   377 | D:1      | Reached XP level 3. HP: 21/21 MP: 5/5
   578 | D:1      | Reached skill level 6 in Ranged Weapons
   965 | D:2      | Reached XP level 4. HP: 23/26 MP: 6/6
  1012 | D:2      | Found a runed translucent door.
  1013 | D:2      | Noticed Crazy Yiuf
  1154 | D:2      | Noticed Terence
  1160 | D:2      | Killed Terence
  1759 | D:3      | Identified the +1 leather armour of Slovenliness {Str+3}
  2130 | D:4      | Reached XP level 5. HP: 31/31 MP: 7/7
  2192 | D:4      | Reached skill level 7 in Ranged Weapons
  2336 | D:4      | Noticed a black bear
  2359 | D:4      | Slain by a black bear

Illustrated notes

Levels and vault maps discovered:
D:1:      minmay_arrival_four_houses, layout_loops_ring, basic_ecumenical_altar
D:2:      layout_rooms, serial_bayou, serial_bayou_pond_a, serial_bayou_pond_c,
          serial_bayou_lake_a, serial_bayou_lagoon_a, serial_bayou_shore_b,
          uniq_crazy_yiuf_cottage, uniq_terence
D:3:      layout_loops_ring
D:4:      layout_loops_ring, tgw_sif, minmay_temple_entry_junction,
          gammafunk_ghost_icy, uniq_pargi, uniq_sigmund, uniq_menkaure

Skill      XL: |  1  2  3  4  5 |
---------------+----------------+-----
Stealth        | 2 3 |  3.4
Fighting       | 2 |  2.6
Ranged Weapons | 6 7 |  7.1
Dodging        | 3 |  3.8

Action                   |  1- 3 |  4- 6 || total
-------------------------+-------+-------++-------
 Fire: Shortbow          |   100 |    82 ||   182
Armor: Leather armour    |    13 |     7 ||    20
Dodge: Dodged            |    37 |    23 ||    60

Table legend: (Time is in decaauts)
 A = Elapsed time spent in this place.
 B = Non-inter-level travel time spent in this place.
 C = Inter-level travel time spent in this place.
 D = Time resting spent in this place.
 E = Time spent auto-exploring this place.
 F = Levels seen in this place.
 G = Mean time per level.
                   A        B        C        D        E       F      G
               +--------+--------+--------+--------+--------+-----+--------+
         Total |   2486 |   2346 |    140 |     42 |   1890 |   4 |  621.5 |
       Dungeon |   2486 |   2346 |    140 |     42 |   1890 |   4 |  621.5 |
               +--------+--------+--------+--------+--------+-----+--------+

Top non-repeatable levels by time:
     D:1: 878 daAuts
     D:2: 805 daAuts
     D:3: 553 daAuts
     D:4: 249 daAuts
